 Dungeon Crawl Stone Soup version 0.22.1-1-ga44c0e5 (webtiles) character file.

221 yevrey the Covered (level 5, -2/43 HPs)
             Began as a Barachi Fighter on Oct 12, 2018.
             Slain by a quokka (3 damage)
             ... on level 3 of the Dungeon.
             The game lasted 00:08:49 (2925 turns).

yevrey the Covered (Barachi Fighter)                Turns: 2925, Time: 00:08:51

Health: -2/43      AC:  8    Str: 17    XL:     5   Next: 98%
Magic:  5/5        EV:  7    Int: 10    God:
Gold:   196        SH:  9    Dex: 11    Spells: 4/4 levels left

rFire    . . .     SeeInvis .   a - +0 long sword
rCold    . . .     Gourm    .   c - +0 shield
rNeg     . . .     Faith    .   b - +0 scale mail
rPois    .         Spirit   .   e - +0 helmet
rElec    .         Reflect  .   (no cloak)
rCorr    .         Harm     .   (no gloves)
MR       .....                  (no boots)
Stlth    ..........             (no amulet)
HPRegen  0.14/turn              (no ring)
MPRegen  0.09/turn              (no ring)

@: slow
A: +LOS, swims, slowness 1, strong legs 1
a: Hop


You were on level 3 of the Dungeon.
You were not hungry.

You visited 1 branch of the dungeon, and saw 4 of its levels.

You collected 196 gold pieces.

Inventory:

Hand Weapons
 a - a +0 long sword (weapon)
 C - a +0 falchion
 D - a +0 hunting sling
 E - a +0 blowgun
Missiles
 q - 25 sling bullets
 F - 19 poisoned needles
Armour
 b - a +0 scale mail (worn)
 c - a +0 shield (worn)
 e - a +0 helmet (worn)
Jewellery
 o - an uncursed ring of poison resistance {unknown}
 p - an uncursed amulet of guardian spirit {unknown}
 w - an uncursed ring of fire {unknown}
Scrolls
 h - 2 scrolls of identify {unknown}
 i - 2 scrolls of enchant weapon {unknown}
 m - 2 scrolls of amnesia {unknown}
 r - a scroll of blinking {unknown}
 v - 3 scrolls of fear {unknown}
 y - 2 scrolls of teleportation {unknown}
 B - a scroll of magic mapping {unknown}
 G - a scroll of noise {unknown}
Potions
 d - 4 potions of might
 g - 2 potions of invisibility {unknown}
 j - a potion of berserk rage {unknown}
 k - a potion of haste {unknown}
 l - a potion of agility {unknown}
 n - 3 potions of curing {unknown}
 s - a potion of heal wounds {unknown}
 u - a potion of cancellation
 x - 2 potions of lignification {unknown}
 z - a potion of flight {unknown}
 A - a potion of resistance {unknown}
Comestibles
 f - 6 rations
 t - 4 chunks of flesh


   Skills:
 + Level 4.4 Fighting
 + Level 4.7 Long Blades
 + Level 4.7 Armour
 - Level 1.0 Dodging
 + Level 4.4 Shields


You had 4 spell levels left.
You didn't know any spells.
Your spell library was empty.

Dungeon Overview and Level Annotations

Branches:
Dungeon (4/15)
 Temple: D:4-7

Altars:


Innate Abilities, Weirdness & Mutations

Shadows flee at your approach. (+LOS)
You can swim through water.
You cover ground slowly.
You can hop short distances.


Message History

You block the orc wizard's attack. The orc barely misses you.
You hit the orc wizard.
You kill the orc wizard!
Training target 1.0 for Dodging reached!
Your Dodging skill increases to level 1!
You block the orc's attack.
You slash the orc!
You kill the orc!
You closely miss the quokka.
The quokka bites you but does no damage. x2
You hit the quokka.
The quokka is severely wounded.
The quokka bites you but does no damage.
You closely miss the quokka.
The quokka is severely wounded.
The orc priest invokes the aid of Beogh against you.
Beogh smites you!
* * * LOW HITPOINT WARNING * * *
The quokka bites you.
You die...

####..####.#
####..# #.#
##....####.###
##.##.##.....#
##.##.##..#####
..<...##.(')..#
.....###.##...##
.....#
#..##..8###
.....#
###.#...)@#
.....#
#...#####r#
.....# #.#.# #o#
######
#...##....#
.....#
#..###.####
####.# #..###.#
####.# #......#
...#.# ##.#####
...#.# #.#


You could see an orc priest and a quokka.

Vanquished Creatures
  A bullfrog (D:3)
  An orc wizard (D:3)
  3 gnolls (D:3)
  An adder (D:3)
  An ooze (D:3)
  3 worms
  3 dart slugs
  A leopard gecko (D:2)
  4 orcs (D:3)
  7 bats
  A giant cockroach (D:2)
  7 goblins
  9 hobgoblins
  7 jackals (D:3)
  9 kobolds
  A quokka (D:2)
  8 frilled lizards
  6 rats
73 creatures vanquished.

Notes
Turn   | Place    | Note
-------+----------+-------------------------------------------
     0 | D:1      | yevrey the Barachi Fighter began the quest for the Orb.
     0 | D:1      | Reached XP level 1. HP: 18/18 MP: 1/1
     5 | D:1      | Noticed an electric eel
   290 | D:1      | Reached XP level 2. HP: 25/25 MP: 2/2
   825 | D:2      | Reached XP level 3. HP: 30/30 MP: 3/3
  1859 | D:3      | Reached XP level 4. HP: 34/37 MP: 4/4
  2514 | D:3      | Reached XP level 5. HP: 42/42 MP: 5/5
  2921 | D:3      | Reached skill level 1 in Dodging
  2925 | D:3      | HP: 1/43 [orc priest/divine providence (11)]
  2925 | D:3      | Slain by a quokka

Skill      XL: |  1  2  3  4  5 |
---------------+----------------+-----
Fighting       | 4 |  4.4
Armour         | 4 |  4.7
Long Blades    | 3 4 |  4.7
Shields        | 4 |  4.4
Dodging        | 1 |  1.0

Action                   |  1- 3 |  4- 6 || total
-------------------------+-------+-------++-------
Melee: Long sword        |   138 |   144 ||   282
  Use: Potion            |       |     1 ||     1
  Eat: Chunk             |     4 |     4 ||     8
Armor: Scale mail        |    70 |    70 ||   140
Dodge: Dodged            |    41 |    41 ||    82
Block: Shield            |    75 |    60 ||   135
       Rpst.: Long sword |     9 |     5 ||    14
